 Dungeon Crawl Stone Soup version 0.25.1-2-g60ff931df9 (webtiles) character file.

Game seed: 3501290289468000609

305 hehateme the Chopper (level 6, 0/56 HPs)
             Began as a Minotaur Berserker on Oct 9, 2020.
             Was a Believer of Trog.
             Slain by a white imp (4 damage)
             ... summoned by Natasha
             ... on level 4 of the Dungeon.
             The game lasted 00:18:19 (2181 turns).

hehateme the Chopper (Minotaur Berserker)           Turns: 2181, Time: 00:18:20

Health: 0/56       AC:  4    Str: 22    XL:     6   Next: 15%
Magic:  5/5        EV: 13    Int:  4    God:    Trog [**....]
Gold:   6          SH:  0    Dex: 11    Spells: 5/5 levels left

rFire    . . .     SeeInvis .   r - +0 war axe
rCold    . . .     Gourm    .   (no shield)
rNeg     . . .     Faith    .   b - +0 animal skin
rPois    .         Spirit   .   (helmet restricted)
rElec    .         Reflect  .   (no cloak)
rCorr    .         Harm     .   p - +0 pair of gloves
MR       .....                  f - +0 pair of boots
Stlth    +.........             (no amulet)
HPRegen  0.18/turn              (no ring)
MPRegen  0.09/turn              (no ring)

@: berserk cooldown, slowed, very slow
A: retaliatory headbutt, horns 2
a: Berserk, Trog's Hand, Renounce Religion


You were on level 4 of the Dungeon.
You worshipped Trog.
Trog was pleased with you.
You were not hungry.

You visited 1 branch of the dungeon, and saw 4 of its levels.

You collected 97 gold pieces.
You spent 91 gold pieces at shops.

Inventory:

Hand Weapons
 a - a +0 hand axe
 r - a +0 war axe (weapon)
Armour
 b - a +0 animal skin (worn)
 f - a +0 pair of boots (worn)
 p - a +0 pair of gloves (worn)
Wands
 g - a wand of paralysis (9)
Scrolls
 d - 2 scrolls of remove curse {unknown}
 i - a scroll of fog
 j - a scroll of magic mapping {unknown}
 l - 2 scrolls of enchant armour {unknown}
 n - a scroll of immolation {unknown}
 o - 3 scrolls of identify
 q - a scroll of teleportation
Potions
 e - a potion of might {unknown}
 h - a potion of heal wounds {unknown}
 k - 2 potions of curing {unknown}
 m - a potion of mutation {unknown}
Comestibles
 c - 4 rations


   Skills:
 + Level 5.4 Fighting
 + Level 6.2 Axes
 + Level 2.7 Armour
 + Level 3.3 Dodging
 + Level 1.1 Stealth


You had 5 spell levels left.
You didn't know any spells.
Your spell library was empty.

Dungeon Overview and Level Annotations

Branches:
Dungeon (4/15)
 Temple: D:4-7

Altars:
Cheibriados
Nemelex Xobeh
Wu Jian
The Shining One

Shops:
D:4 ?%

Annotations:
D:4 Grinder, Natasha


Innate Abilities, Weirdness & Mutations

You reflexively headbutt those who attack you in melee.
You have a pair of horns on your head.


Message History

Natasha casts a spell at you. The magic dart hits you!
Natasha drinks a potion.
Natasha seems to speed up.
Grinder comes into view.
Natasha claws you!
Natasha zaps a wand.
The puff of flame hits you.
Natasha casts a spell.
Natasha casts a spell at you. You resist with some effort.
Found a stone staircase leading up.
You see here 11 gold pieces.
Natasha casts a spell at you. The magic dart hits you. The white imp hits you.
The white imp freezes you. Grinder gestures at you.
Pain shoots through your body!
* * * LOW HITPOINT WARNING * * *
Natasha zaps a wand.
The puff of flame hits you.
* * * LOW HITPOINT WARNING * * *
Natasha zaps a wand.
The puff of flame misses you. The white imp hits you.
* * * LOW HITPOINT WARNING * * *
The white imp freezes you.
You die...

.....# ####### .....#
....... ##...# .......
##...# ....... .#...#
....... .#...#
#####....... .# ..#
#........... .# .#
#..5.....5.. .#
#..@h...%... ##
#......!...< #...........
#.........#.
##############....#....#
..........).......#......
##############....#......
#....##.#... #.....# ..


You could see Grinder, Natasha (fast) and a white imp (summoned).

Vanquished Creatures
  An ogre (D:4)
  An orc priest (D:4)
  2 orc wizards (D:4)
  4 gnolls (D:4)
  3 adders
  An ooze (D:3)
  3 worms
  A dart slug (D:1)
  3 orcs (D:4)
  A ball python (D:3)
  9 goblins
  6 hobgoblins
  2 jackals (D:2)
  6 kobolds
  2 quokkas
  6 bats
  5 frilled lizards
  4 rats
60 creatures vanquished.

Vanquished Creatures (others)
  5 toadstools (D:1)
5 creatures vanquished.

Grand Total: 65 creatures vanquished

Notes
Turn   | Place    | Note
-------+----------+-------------------------------------------
     0 | D:1      | hehateme the Minotaur Berserker began the quest for the
                  | Orb.
     0 | D:1      | Reached XP level 1. HP: 19/19 MP: 0/0
   422 | D:1      | Reached XP level 2. HP: 27/27 MP: 1/1
   582 | D:1      | Reached skill level 4 in Axes
   661 | D:2      | Reached XP level 3. HP: 17/33 MP: 2/2
  1025 | D:2      | Reached ** piety under Trog
  1557 | D:3      | Found a glowing golden altar of the Shining One.
  1678 | D:3      | Reached XP level 4. HP: 32/41 MP: 3/3
  1731 | D:3      | Found a sparkling altar of Nemelex Xobeh.
  1731 | D:3      | Found an ornate altar of the Wu Jian Council.
  1740 | D:3      | Found a snail-covered altar of Cheibriados.
  1951 | D:4      | Found Cuaro's Food Boutique.
  1970 | D:4      | Reached skill level 5 in Axes
  1972 | D:4      | Reached skill level 5 in Fighting
  1975 | D:4      | Reached XP level 5. HP: 48/48 MP: 4/4
  1994 | D:4      | Found Iqome's Magic Scroll Boutique.
  2003 | D:4      | Bought a scroll of identify for 26 gold pieces
  2003 | D:4      | Bought a scroll of identify for 26 gold pieces
  2003 | D:4      | Bought a scroll of teleportation for 39 gold pieces
  2039 | D:4      | Reached skill level 1 in Stealth
  2158 | D:4      | Noticed an ogre
  2166 | D:4      | Killed an ogre
  2166 | D:4      | Reached skill level 6 in Axes
  2166 | D:4      | Reached XP level 6. HP: 56/56 MP: 5/5
  2171 | D:4      | Noticed Natasha
  2176 | D:4      | Noticed Grinder
  2181 | D:4      | Slain by a white imp

Illustrated notes

Levels and vault maps discovered:
D:1:      ldierk_walled_garden, layout_basic, minmay_pentomino_u4
D:2:      layout_basic, kennysheep_generic_room_14
D:3:      layout_basic, grunt_temple_overflow_open,
          nicolae_overflow_hidden_temple
D:4:      layout_basic, lemuel_round_altar, serial_shops, nicolae_shop_crystal,
          kennysheep_little_box, nicolae_shop_temple_entry_statues_fountains,
          nicolae_shop_trees, first_ration, minivault_25, uniq_natasha,
          uniq_grinder, uniq_pikel

Skill      XL: |  1  2  3  4  5 |
---------------+----------------+-----
Fighting       | 4 5 |  5.4
Axes           | 4 5 6 |  6.2
Dodging        | 3 |  3.3
Stealth        | 1 |  1.1
Armour         | |  2.7

Action                   |  1- 3 |  4- 6 || total
-------------------------+-------+-------++-------
Melee: Hand axe          |    71 |    41 ||   112
       Headbutt          |     9 |     8 ||    17
       War axe           |       |     1 ||     1
Invok: Berserk           |     1 |     3 ||     4
       Trog's Hand       |       |     1 ||     1
  Use: Scroll            |     1 |       ||     1
  Eat: Chunk             |     2 |       ||     2
       Ration            |     1 |     1 ||     2
Armor: Animal skin       |    21 |     8 ||    29
Dodge: Dodged            |    41 |    22 ||    63
